 Dungeon Crawl Stone Soup version 0.25-a0-10-g2fe12d4386 (webtiles) character file.

Game seed: 4375453000008764005, levelgen mode: deterministic

12646 DEFE the Basher (level 11, -1/71 HPs)
             Began as a Gargoyle Fighter on Oct 15, 2019.
             Was a High Priest of Elyvilon.
             Splashed by an oklob plant's acid (7 damage)
             ... on level 2 of the Lair of Beasts.
             The game lasted 00:14:52 (10760 turns).

DEFE the Basher (Gargoyle Fighter)                 Turns: 10760, Time: 00:14:53

Health: -1/71      AC: 23    Str: 24    XL:     11   Next: 96%
Magic:  0/11       EV:  7    Int:  8    God:    Elyvilon [*****.]
Gold:   554        SH: 11    Dex:  9    Spells: 10/10 levels left

rFire    . . .     SeeInvis .   U - +1 whip (elec)
rCold    . . .     Gourm    .   c - +0 shield
rNeg     + . .     Faith    .   l - +0 chain mail
rPois    ∞         Spirit   +   j - +0 helmet
rElec    +         Reflect  .   P - -1 cloak of Shadows and Fog {*Contam rPois MR+++ Stlth+}
rCorr    .         Harm     .   G - +0 pair of gloves
MR       ++++.                  y - +0 pair of boots
Stlth    ..........             p - amulet of guardian spirit
HPRegen  0.21/turn              E - ring of protection from magic
MPRegen  0.12/turn              H - +4 ring of protection

@: corroded
A: negative energy resistance 1, electricity resistance, unbreathing,
petrification resistance, rot immunity, AC +8
a: Lesser Healing, Heal Other, Purification, Greater Healing, Divine Vigour,
Divine Protection, Renounce Religion


You were on level 2 of the Lair of Beasts.
You worshipped Elyvilon.
Elyvilon was extremely pleased with you.
You were not hungry.

You visited 2 branches of the dungeon, and saw 13 of its levels.
You also visited: Sewer.

You collected 554 gold pieces.

Inventory:

Hand Weapons
 a - a +0 flail
 w - a +0 morningstar
 D - a +2 dagger of electrocution
 U - a +1 whip of electrocution (weapon)
Missiles
 B - 3 curare-tipped darts (quivered)
Armour
 b - a +0 scale mail
 c - a +0 shield (worn)
 j - a +0 helmet (worn)
 l - a +0 chain mail (worn)
 y - a +0 pair of boots (worn)
 G - a +0 pair of gloves (worn)
 P - the -1 cloak of Shadows and Fog (worn) {*Contam rPois MR+++ Stlth+}
   (You found it on level 9 of the Dungeon)

   It protects you from poison.
   It affects your resistance to hostile enchantments.
   It causes magical contamination when unequipped.
   It makes you more stealthy.
Jewellery
 m - a +2 ring of evasion
 p - an amulet of guardian spirit (around neck)
 x - an uncursed ring of resist corrosion
 E - a ring of protection from magic (left hand)
 H - a +4 ring of protection (right hand)
Wands
 I - a wand of paralysis (6)
 L - a wand of scattershot (2)
 M - a wand of iceblast (5)
 O - a wand of flame (52)
 S - a wand of polymorph (3)
 T - a wand of digging (10)
Scrolls
 e - 11 scrolls of remove curse
 i - 3 scrolls of enchant armour
 k - 5 scrolls of enchant weapon
 n - 3 scrolls of teleportation
 q - 4 scrolls of fear
 u - 3 scrolls of fog
 z - a scroll of immolation
 A - 3 scrolls of amnesia
 J - a scroll of vulnerability
 Q - 2 scrolls of noise {unknown}
 R - a scroll of magic mapping {unknown}
Potions
 d - 7 potions of might
 g - 6 potions of curing
 h - 2 potions of berserk rage
 o - 3 potions of degeneration {unknown}
 r - 4 potions of heal wounds {unknown}
 s - 2 potions of flight {unknown}
 t - a potion of lignification {unknown}
 C - a potion of mutation {unknown}
 F - a potion of brilliance {unknown}
 V - a potion of haste {unknown}
Comestibles
 f - 10 rations


   Skills:
 + Level 9.1 Fighting
 + Level 13.1 Maces & Flails
 + Level 9.1 Armour
 + Level 9.1 Shields


You had 10 spell levels left.
You didn't know any spells.
Your spell library contained the following spells:

 Spells                   Type           Power        Failure   Level  Hunger
 Corona                   Hex            #......      99%         1    ##.....
 Magic Dart               Conj           #...         99%         1    ##.....
 Blink                    Tloc           N/A          100%        2    ###....
 Call Imp                 Summ           #.......     100%        2    ###....
 Ensorcelled Hibernation  Hex/Ice        #.....       100%        2    ###....
 Slow                     Hex            #.......     100%        2    ###....
 Confuse                  Hex            #.......     100%        3    ####...
 Conjure Flame            Conj/Fire      #.......     100%        3    ####...
 Dazzling Spray           Conj/Hex       #.....       100%        3    ####...
 Ignite Poison            Fire/Tmut/Pois #.......     100%        3    ####...
 Mephitic Cloud           Conj/Pois/Air  #.......     100%        3    ####...
 Tukima's Dance           Hex            #.......     100%        3    ####...
 Fireball                 Conj/Fire      #.........   100%        5    ######.
 Bolt of Fire             Conj/Fire      #.........   100%        6    #######
 Ring of Flames           Chrm/Fire      #.........   100%        7    #######
 Ignition                 Fire           #.........   100%        8    #######


Dungeon Overview and Level Annotations

Branches:
Dungeon (11/15)            Temple (0/1) D:7            Lair (2/6) D:11
  Sewer (visited)
  Swamp: Lair:2-4    Shoals: Lair:2-4     Snake: Lair:2-4    Spider: Lair:2-4
    Orc: D:9-12

Altars:
Ashenzari
Dithmenos
Hepliaklqana
Kikubaaqudgha
Ru
Trog
Vehumet
Xom
Yredelemnul
Zin

Annotations:
Lair:2 exclusion: 3 oklob plants


Innate Abilities, Weirdness & Mutations

You are resistant to torment.
Your stone body is resilient. (AC +8)
You are immune to poison.
You resist negative energy. (rN+)
You are resistant to electric shocks. (rElec)
You can survive without breathing.
You are immune to petrification.
You are immune to rotting.


Message History

You shrug off the repeated paralysis!
You can move again.
You take 35 damage, and have 36/71 hp.
MASSIVE DAMAGE!!
You now have 6/11 mp.
Unknown command.
The oklob plant spits acid at you. The splash of acid hits you!
You are splashed with acid!
* * * LOW HITPOINT WARNING * * *
You take 25 damage, and have 11/71 hp.
MASSIVE DAMAGE!!
You now have 1/11 mp.
The floating eye's view fixates on you.
Unknown command.
Unknown command.
The oklob plant spits acid at you. The splash of acid hits you!
* * * LOW HITPOINT WARNING * * *
You are splashed with acid!
You die...

....#......#.......P...##.....≈≈≈
....#.............##...##.......≈
....# ....#......#######........
....# P..P........#...##.........
.... ...........................
...........................
...........................
...........................
#...P....@.######.#..###+#
##..........## ###..+
.............## ..#
..............# ..
..............# .....P.....)..#
..$.PPP.........
...P!PPP.........
...P>.GPP.....#..


You could see 2 oklob plants.

Vanquished Creatures
  Harold (D:8)
  A hydra (Lair:1)
  A cyclops (D:11)
  An ugly thing (D:11)
  Maurice (D:10)
  Joseph (D:7)
  A spiny frog (Lair:1)
  A gargoyle (D:11)
  2 trolls
  Grinder (D:6)
  3 hippogriffs
  2 shadows
  9 yaks (D:10)
  A wyvern (D:10)
  A wraith (D:11)
  2 hungry ghosts
  A soldier ant (D:10)
  An acid dragon (D:11)
  4 water moccasins
  Duvessa (D:5)
  2 porcupines (Lair:1)
  A phantom (D:7)
  5 orc warriors
  3 necrophages
  4 black bears
  A sky beast (D:9)
  An eye of draining (D:9)
  3 ogres
  5 centaurs
  5 crocodiles
  Blork the orc (D:5)
  3 bullfrogs
  2 big kobolds
  A gnoll sergeant (D:9)
  Dowan (D:5)
  2 scorpions (D:8)
  A wyvern skeleton (D:7)
  3 killer bees (D:9)
  An electric eel (Lair:2)
  5 howler monkeys (D:7)
  4 crimson imps
  A bullfrog zombie (D:5)
  A quasit (D:6)
  A centaur skeleton (D:11)
  A bullfrog skeleton (D:9)
  4 hounds
  4 jellies
  3 orc priests
  10 orc wizards
  5 iguanas
  11 worker ants
  A hound skeleton (D:6)
  2 worker ant zombies
  5 gnolls (D:9)
  15 adders
  2 river rats (Sewer)
  4 shadow imps
  2 oozes
  An adder zombie (D:7)
  8 worms
  3 dart slugs
  3 leopard geckos
  30 orcs
  2 ball pythons
  6 giant cockroaches
  2 gnoll zombies (D:9)
  7 goblins
  6 hobgoblins
  8 jackals
  4 quokkas
  5 bats
  3 frilled lizards
  A jackal skeleton (D:6)
  A jackal zombie (D:8)
  10 kobolds
  3 leopard gecko skeletons
  A quokka zombie (D:7)
  10 rats
276 creatures vanquished.

Notes
Turn   | Place    | Note
-------+----------+-------------------------------------------
     0 | D:1      | DEFE the Gargoyle Fighter began the quest for the Orb.
     0 | D:1      | Reached XP level 1. HP: 14/14 MP: 1/1
   110 | D:1      | Reached XP level 2. HP: 18/19 MP: 2/2
   143 | D:1      | Reached skill level 3 in Maces & Flails
   461 | D:1      | Reached XP level 3. HP: 23/23 MP: 3/3
   822 | D:2      | Found a shimmering altar of Xom.
   891 | D:2      | Found a radiant altar of Vehumet.
   894 | D:2      | Noticed a hungry ghost
  1045 | D:2      | Reached skill level 4 in Maces & Flails
  1159 | D:2      | Reached XP level 4. HP: 28/28 MP: 4/4
  1400 | D:3      | Found a glowing drain.
  1424 | Sewer    | Entered a sewer
  1486 | Sewer    | Noticed a big kobold
  1511 | Sewer    | Killed a big kobold
  1511 | Sewer    | Reached skill level 5 in Maces & Flails
  1511 | Sewer    | Reached XP level 5. HP: 23/32 MP: 5/5
  1612 | Sewer    | Found a white marble altar of Elyvilon.
  1744 | Sewer    | Became a worshipper of Elyvilon the Healer
  1825 | D:3      | Found a sacrificial altar of Ru.
  2139 | D:3      | Reached skill level 6 in Maces & Flails
  2139 | D:3      | Reached XP level 6. HP: 37/37 MP: 6/6
  2454 | D:4      | Reached * piety under Elyvilon
  2597 | D:4      | Found a shadowy altar of Dithmenos.
  2824 | D:4      | Found a hazy altar of Hepliaklqana.
  3123 | D:5      | Entered Level 5 of the Dungeon
  3170 | D:5      | Reached skill level 7 in Maces & Flails
  3219 | D:5      | Noticed Duvessa
  3219 | D:5      | Noticed Dowan
  3240 | D:5      | Killed Duvessa
  3240 | D:5      | Reached XP level 7. HP: 38/41 MP: 7/7
  3248 | D:5      | Killed Dowan
  3364 | D:5      | Noticed Blork the orc
  3378 | D:5      | Killed Blork the orc
  3378 | D:5      | Reached skill level 8 in Maces & Flails
  3842 | D:5      | Reached skill level 9 in Maces & Flails
  3842 | D:5      | Reached XP level 8. HP: 32/46 MP: 6/8
  4201 | D:6      | Reached ** piety under Elyvilon
  4966 | D:6      | Reached skill level 10 in Maces & Flails
  5199 | D:6      | Noticed Grinder
  5199 | D:6      | Paralysed by Grinder for 5 turns
  5222 | D:6      | Paralysed by Grinder for 4 turns
  5234 | D:6      | Killed Grinder
  5234 | D:6      | Reached skill level 11 in Maces & Flails
  5437 | D:7      | Noticed Joseph
  5447 | D:6      | Reached XP level 9. HP: 48/51 MP: 9/9
  5519 | D:7      | Killed Joseph
  5587 | D:7      | Found a glowing silver altar of Zin.
  5724 | D:7      | Reached skill level 5 in Fighting
  5724 | D:7      | Reached skill level 5 in Armour
  5724 | D:7      | Reached skill level 5 in Shields
  5748 | D:7      | Found a staircase to the Ecumenical Temple.
  5789 | D:7      | Reached *** piety under Elyvilon
  6240 | D:8      | Noticed Harold
  6257 | D:8      | HP: 2/81 [Harold/bolt of acid (9)]
  6257 | D:8      | Elyvilon protects you from harm!
  6261 | D:8      | Killed Harold
  6261 | D:8      | Reached XP level 10. HP: 2/60 MP: 0/10
  6887 | D:9      | Found a bloodstained altar of Trog.
  7034 | D:9      | Reached skill level 12 in Maces & Flails
  7054 | D:9      | Found a shattered altar of Ashenzari.
  7290 | D:9      | Reached **** piety under Elyvilon
  7640 | D:9      | Got a scorched cloak
  7646 | D:9      | Identified the cursed -1 cloak of Shadows and Fog {*Contam
                  | rPois MR+++ Stlth+} (You found it on level 9 of the
                  | Dungeon)
  7694 | D:9      | Found a basalt altar of Yredelemnul.
  7827 | D:9      | Found an ancient bone altar of Kikubaaqudgha.
  7947 | D:10     | Entered Level 10 of the Dungeon
  8012 | D:10     | Noticed Maurice
  8034 | D:10     | Killed Maurice
  8332 | D:10     | Reached XP level 11. HP: 61/67 MP: 11/11
  9255 | D:11     | Reached ***** piety under Elyvilon
  9379 | D:11     | Noticed a red ugly thing
  9405 | D:11     | Killed a red ugly thing
 10036 | D:11     | Found a staircase to the Lair.
 10042 | D:11     | Noticed a cyclops
 10052 | D:11     | Killed a cyclops
 10341 | Lair:1   | Entered Level 1 of the Lair of Beasts
 10346 | Lair:1   | Noticed a seven-headed hydra
 10372 | Lair:1   | Killed a seven-headed hydra
 10372 | Lair:1   | Reached skill level 13 in Maces & Flails
 10651 | Lair:1   | You fall into a shaft and drop 1 floor!
 10750 | Lair:2   | Noticed an oklob plant
 10751 | Lair:2   | Noticed an oklob plant
 10754 | Lair:2   | Noticed an oklob plant
 10754 | Lair:2   | Paralysed by a floating eye for 3 turns
 10760 | Lair:2   | Splashed by an oklob plant's acid

Levels and vault maps discovered:
D:1:      evilmike_arrival_crescent, layout_basic
D:2:      layout_basic, vehumet_crystals, old_standard_altar
D:3:      layout_rooms, nicolae_ru_sacrificial_ziggurat,
          cheibrodos_sewer_entry_sluice, first_ration
D:4:      layout_basic, lemuel_coloured_pillars_altar,
          nicolae_dithmenos_shadow_blocks
D:5:      layout_basic, uniq_blork_the_orc, uniq_duvessa
D:6:      layout_basic, uniq_grinder
D:7:      layout_rooms, overflow_temple_1_default,
          minmay_temple_entry_mini_moons, ebering_dispersal_statue_hall,
          uniq_joseph
D:8:      layout_rooms, uniq_harold
D:9:      layout_loops_cross, kennysheep_little_box, trog_ov_bears_minmay,
          nicolae_overflow_crystal_walls, lemuel_zombie_altar_yredelemnul
D:10:     layout_stronghold, uniq_maurice
D:11:     layout_rooms, lair_entry_dummy
Lair:1:   layout_roguey
Lair:2:   statuecave_lemuel, layout_regular_city, disabler_island,
          grunt_megastairs_1

Skill      XL: |  1  2  3  4  5  6  7  8  9 10 11 |
---------------+----------------------------------+-----
Maces & Flails | 3 4 5 6 7 9 11 12 13 | 13.1
Fighting       | 6 7 9 |  9.1
Armour         | 6 7 9 |  9.1
Shields        | 6 7 9 |  9.1

Action                   |  1- 3 |  4- 6 |  7- 9 | 10-12 || total
-------------------------+-------+-------+-------+-------++-------
Melee: Flail             |   148 |   232 |     5 |       ||   385
       Dagger            |       |       |   477 |   337 ||   814
       Whip              |       |       |       |   403 ||   403
Throw: Dart              |       |     1 |     4 |     4 ||     9
Evoke: Wand              |       |       |     2 |     8 ||    10
  Use: Scroll            |       |       |    11 |     5 ||    16
       Potion            |       |       |     1 |       ||     1
  Eat: Ration            |     3 |     2 |     3 |     5 ||    13
       Chunk             |     1 |     5 |     8 |     9 ||    23
Armor: Scale mail        |    82 |       |       |       ||    82
       Chain mail        |       |   136 |   287 |   485 ||   908
Dodge: Dodged            |    47 |    51 |   147 |   137 ||   382
Block: Shield            |    80 |   109 |   218 |   388 ||   795

Table legend:
 A = Non-vault XP
 B = Vault XP
 C = Vault XP percentage of total XP
 D = Non-vault monster count
 E = Vault monster count
 F = Vault count percentage of total count
                 A         B        C        D         E       F
            +---------+---------+-------+---------+---------+-------
      Total |   15093 |    2974 |  16.5 |     252 |      24 |   8.7
            +---------+---------+-------+---------+---------+-------
        D:1 |      46 |       0 |   0.0 |      22 |       0 |   0.0
        D:2 |      47 |       0 |   0.0 |      10 |       0 |   0.0
        D:3 |     117 |      12 |   9.3 |      23 |       3 |  11.5
        D:4 |      53 |       0 |   0.0 |      10 |       0 |   0.0
        D:5 |     496 |     317 |  39.0 |       9 |       3 |  25.0
        D:6 |    1157 |     272 |  19.0 |      35 |       1 |   2.8
        D:7 |    1052 |     475 |  31.1 |      23 |       1 |   4.2
        D:8 |     582 |    1257 |  68.4 |      12 |       3 |  20.0
        D:9 |    1883 |       4 |   0.2 |      24 |       2 |   7.7
       D:10 |    4068 |     508 |  11.1 |      42 |       1 |   2.3
       D:11 |    2936 |       0 |   0.0 |      30 |       0 |   0.0
     Lair:1 |    2199 |       0 |   0.0 |       9 |       0 |   0.0
     Lair:2 |     457 |       0 |   0.0 |       3 |       0 |   0.0
      Sewer |       0 |     129 | 100.0 |       0 |      10 | 100.0
            +---------+---------+-------+---------+---------+-------
